 Dungeon Crawl Stone Soup version 0.25.1-2-g60ff931df9 (webtiles) character file.

Game seed: 17464598785256918532

35 Martska the Chucker (level 3, 0/37 HPs)
             Began as an Ogre Hunter on Oct 17, 2020.
             Slain by a hobgoblin (3 damage)
             ... on level 1 of the Dungeon.
             The game lasted 00:01:14 (1392 turns).

Martska the Chucker (Ogre Hunter)                   Turns: 1392, Time: 00:01:15

Health: 0/37       AC:  3    Str: 17    XL:     3   Next: 35%
Magic:  3/3        EV: 10    Int: 12    God:
Gold:   45         SH:  0    Dex:  9    Spells: 2/2 levels left

rFire    . . .     SeeInvis .   c - +0 whip
rCold    . . .     Gourm    .   (no shield)
rNeg     . . .     Faith    .   b - +0 robe
rPois    .         Spirit   .   (helmet restricted)
rElec    .         Reflect  .   (no cloak)
rCorr    .         Harm     .   (gloves unavailable)
MR       .....                  (boots unavailable)
Stlth    +.........             (no amulet)
HPRegen  0.12/turn              (no ring)
MPRegen  0.08/turn              (no ring)

@: lethally poisoned (0 -> 0)
A: large, unfitting armour, tough skin 1
a: no special abilities


You were on level 1 of the Dungeon.
You were not hungry.

You visited 1 branch of the dungeon, and saw 2 of its levels.

You collected 45 gold pieces.

Inventory:

Hand Weapons
 a - a +0 short sword
 c - a +0 whip (weapon)
 j - a +0 club
Missiles
 d - 2 throwing nets (quivered)
Armour
 b - a +0 robe (worn)
Jewellery
 g - an uncursed amulet of reflection {unknown}
Scrolls
 h - 2 scrolls of teleportation {unknown}
 i - a scroll of identify {unknown}
 k - a scroll of fear {unknown}
 m - a scroll of immolation {unknown}
Potions
 e - a potion of curing {unknown}
Comestibles
 f - 2 rations


   Skills:
 * Level 3.6 Fighting
 * Level 0.8 Maces & Flails
 * Level 4.4 Throwing
 - Level 2.0 Dodging
 - Level 0.6 Stealth


You had 2 spell levels left.
You didn't know any spells.
Your spell library was empty.

Dungeon Overview and Level Annotations

Branches:
Dungeon (2/15)

Altars:


Innate Abilities, Weirdness & Mutations

You are too large for most types of armour.
You have tough skin. (AC +1)


Message History

The adder bites you.
You hit the adder.
The adder is severely wounded.
You feel sick. The adder closely misses you. The hobgoblin closely misses you.
You hit the adder.
You kill the adder!
The hobgoblin hits you but does no damage.
You eat one of the 3 rations.
That ration really hit the spot!
The hobgoblin hits you.
* * * LOW HITPOINT WARNING * * *
You barely miss the hobgoblin. The hobgoblin hits you.
* * * LOW HITPOINT WARNING * * *
You hit the hobgoblin.
The hobgoblin is almost dead.
You feel sick. The hobgoblin hits you.
* * * LOW HITPOINT WARNING * * *
You barely miss the hobgoblin.
The hobgoblin is almost dead.
The hobgoblin hits you.
You die...

.....#...#.#.#.#...##.#
####.###.#.#.#.#.....^#
.......#...#.#.###.#..#
.#####.###.#...#...#..#
.#...#...#.#.###...#..###
##.#.###.#.#.#.##.......#
...#.....#...#.##..#..#.#
.###.<.###.###.#......#.#
.#.....#...#...#@g...(#.#########
.#.###.#.###.###...####..........
(#...#...#...#..((.............#.
.###.#####.###.########..#.....#.
...#...........# #..#..#..#.
.#.###.########### #..#.......
.#...#.........#.# #........##
.###.####.######.# ##.#..#..##
...#....#......#.# #.......#.


You could see a hobgoblin.

Vanquished Creatures
  An adder (D:1)
  2 leopard geckos (D:1)
  A ball python (D:1)
  2 giant cockroaches (D:1)
  3 goblins (D:1)
  2 hobgoblins (D:1)
  2 jackals (D:1)
  2 bats (D:1)
  A frilled lizard (D:1)
  4 kobolds (D:1)
  A rat (D:1)
21 creatures vanquished.

Notes
Turn   | Place    | Note
-------+----------+-------------------------------------------
     0 | D:1      | Martska the Ogre Hunter began the quest for the Orb.
     0 | D:1      | Reached XP level 1. HP: 22/22 MP: 1/1
   160 | D:1      | Reached XP level 2. HP: 28/31 MP: 2/2
   771 | D:1      | Reached XP level 3. HP: 5/37 MP: 3/3
  1392 | D:1      | Slain by a hobgoblin

Illustrated notes

Levels and vault maps discovered:
D:1:      psy_arrival_radial02, layout_loops_cross
D:2:      layout_basic

Skill      XL: |  1 |
---------------+----+-----
Fighting       | 3 |  3.6
Dodging        | 2 |  2.0
Maces & Flails | |  0.8
Throwing       | |  4.4
Stealth        | |  0.6

Action                   || total
-------------------------++-------
Melee: Short sword       ||    82
       Whip              ||    17
Throw: Large rock        ||    10
  Eat: Ration            ||     1
Armor: Robe              ||    41
Dodge: Dodged            ||   104
